 Dungeon Crawl Stone Soup version 0.29-a0-839-g4793fd635e (webtiles) character file.

Game seed: 11689384174493803814

1406 Malachi the Slicer (level 8, -1/50 HPs)
             Began as an Octopode Brigand on July 14, 2022.
             Was a Follower of Vehumet.
             Engulfed by a steam dragon's steam (11 damage)
             ... on level 6 of the Dungeon.
             The game lasted 00:05:23 (4582 turns).

Malachi the Slicer (Octopode Brigand)               Turns: 4582, Time: 00:05:23

Health: -1/50      AC:  1    Str: 11    XL:     8   Next: 70%
Magic:  0/17       EV: 16    Int: 15    God:    Vehumet [*.....]
Gold:   210        SH:  3    Dex: 13    Spells: 7/7 levels left

rFire   . . .      SeeInvis .   g - +2 short sword (elec)
rCold   + . .      Faith    .   n - +0 buckler
rNeg    . . .      Spirit   +   (helmet restricted)
rPois   .          Reflect  .   f - amulet of guardian spirit
rElec   .          Harm     .   a - ring of magical power
rCorr   .          Rampage  .   r - +4 ring of evasion
Will    .....                   v - ring of protection from cold
Stlth   ++++......              (no ring)
HPRegen 0.16/turn               (no ring)
MPRegen 0.15/turn               (no ring)
                                (no ring)
                                (no ring)

@: no status effects
A: almost no armour, amphibious, 8 rings, camouflage 1, gelatinous body 1,
(nimble swimmer 1), tentacles
a: Renounce Religion


You were on level 6 of the Dungeon.
You worshipped Vehumet.
Vehumet was aware of your devotion.
You visited 2 branches of the dungeon, and saw 7 of its levels.

You collected 210 gold pieces.

Inventory:

Hand Weapons
 g - a +2 short sword of electrocution (weapon)
Missiles
 b - 19 poisoned darts (quivered)
 c - 3 curare-tipped darts
Armour
 n - a +0 buckler (worn)
Jewellery
 a - a ring of magical power (left tentacle)
 f - an amulet of guardian spirit (around mantle)
 r - a +4 ring of evasion (right tentacle)
 t - an amulet of regeneration
 v - a ring of protection from cold (on tentacle)
Wands
 m - a wand of charming (1)
 x - a wand of light (6)
Scrolls
 d - 8 scrolls of fog
 h - 3 scrolls of brand weapon
 k - a scroll of fear
 l - 4 scrolls of teleportation
 o - 2 scrolls of enchant armour
 q - a scroll of poison
 w - a scroll of identify
Potions
 e - 2 potions of heal wounds
 i - 4 potions of haste {unknown}
 j - 4 potions of curing {unknown}
 p - a potion of degeneration {unknown}
 s - a potion of flight {unknown}
 u - a potion of lignification {unknown}
 z - a potion of berserk rage {unknown}


   Skills:
 - Level 2.0 Fighting
 * Level 10.6 Short Blades
 - Level 2.0 Throwing
 - Level 1.0 Dodging
 - Level 5.3 Stealth
 - Level 0.1 Shields


You had 7 spell levels left.
You didn't know any spells.
Your spell library contained the following spells:

 Spells                   Type           Power      Damage    Failure   Level
 Freeze                   Ice            0%         1d3       36%         1
 Apportation              Tloc           0%         N/A       36%         1
 Sting                    Tmut/Pois      0%         1d3       36%         1
 Summon Small Mammal      Summ           0%         N/A       36%         1
 Blink                    Tloc           0%         N/A       50%         2
 Poisonous Vapours        Pois/Air       0%         N/A       50%         2
 Call Canine Familiar     Summ           0%         N/A       73%         3
 Lesser Beckoning         Tloc           0%         N/A       73%         3
 Portal Projectile        Hex/Tloc       0%         N/A       73%         3
 Summon Guardian Golem    Hex/Summ       0%         N/A       73%         3
 Tukima's Dance           Hex            0%         N/A       73%         3
 Leda's Liquefaction      Hex/Erth       0%         N/A       98%         4
 Olgreb's Toxic Radiance  Pois           0%         N/A       98%         4
 Alistair's Intoxication  Tmut/Pois      0%         N/A       100%        5
 Blade Hands              Tmut           0%         N/A       100%        5
 Manifold Assault         Tloc           0%         N/A       100%        5


Dungeon Overview and Level Annotations

Branches:
Dungeon (6/15)             Temple (1/1) D:4

Altars:
Ashenzari
Dithmenos
Elyvilon
Fedhas
Kikubaaqudgha
Makhleb
Okawaru
Qazlal
Ru
Sif Muna
Trog
Uskayaw
Vehumet
Wu Jian
Xom
Yredelemnul
Zin


Innate Abilities, Weirdness & Mutations

You cannot wear most types of armour.
You are amphibious.
You can wear up to eight rings at the same time.
Your skin changes colour to match your surroundings (Stealth+).
Your rubbery body absorbs attacks. (AC +1, EV +1)
((You are camouflaged when in or above water. (Stealth+)))
You have tentacles for arms and can constrict up to eight enemies at once.


Message History

You are engulfed in a cloud of scalding steam.
The steam dragon closely misses you. The steam dragon barely misses you.
You hit the steam dragon but do no damage.
The steam dragon is moderately wounded.
The steam dragon bites you!
* * * LOW HITPOINT WARNING * * *
You block the steam dragon's attack. The steam dragon barely misses you.
The steam dragon completely misses you.
A jelly comes into view.
The jelly quivers.
You hit the steam dragon.
The steam dragon is moderately wounded.
You hit the steam dragon but do no damage.
The steam dragon is moderately wounded.
The steam dragon breathes steam at you. The ball of steam hits you!!
* * * LOW HITPOINT WARNING * * *
You block the steam dragon's attack. x2
It was a potion of heal wounds.
You feel much better. The steam dragon bites you! The steam dragon claws you.
You barely miss the steam dragon. You tentacle-slap the steam dragon.
The steam dragon is heavily wounded.
You block the steam dragon's attack. The steam dragon closely misses you.
You barely miss the steam dragon.
The steam dragon is heavily wounded.
You hit the steam dragon.
Your tentacle-slap misses the steam dragon.
Your squeeze misses the steam dragon.
The steam dragon is heavily wounded.
The steam dragon breathes steam at you. The ball of steam hits you!
* * * LOW HITPOINT WARNING * * *
You block the steam dragon's attack. The steam dragon claws you.
* * * LOW HITPOINT WARNING * * *
You feel much better. The steam dragon breathes steam at you.
The ball of steam hits you!
* * * LOW HITPOINT WARNING * * *
You are engulfed in a cloud of scalding steam.
You die...

#.#.#........#
..
#.#..........#
#.####.#.....#
#......#.....#
######.#.....#
#.#.#[)..#
#.#.##.###
###'#+##+##
#.D@§..§§.#
+.§....§§..
#.§........
...J...:....
#....§.......#
...##.§.......#
....
..§.......# ..#
#..........# ..
#..........


You could see a steam dragon (catching breath) and a jelly.

Vanquished Creatures
  Grinder (D:5)
  Sigmund (D:5)
  Menkaure (D:5)
  Edmund (D:5)
  A water moccasin (D:6)
  A black bear (D:5)
  2 ogres
  A scorpion (D:5)
  A howler monkey (D:5)
  Crazy Yiuf (D:2)
  A hound (D:5)
  An orc wizard (D:5)
  Ijyb (D:3)
  Natasha (thrice) (D:2)
  3 gnolls (D:4)
  8 adders
  A white imp (D:5)
  An ufetubus (D:5)
  A worm (D:3)
  2 dart slugs (D:3)
  9 orcs
  3 endoplasms (D:1)
  3 giant cockroaches
  4 hobgoblins
  4 jackals (D:2)
  6 quokkas
  6 ball pythons
  6 bats
  4 frilled lizards
  4 goblins
  4 kobolds
  A rat (D:1)
87 creatures vanquished.

Vanquished Creatures (others)
  17 plants (D:2)
17 creatures vanquished.

Grand Total: 104 creatures vanquished

Notes
Turn   | Place    | Note
-------+----------+-------------------------------------------
     0 | D:1      | Malachi the Octopode Brigand began the quest for the Orb.
     0 | D:1      | Reached XP level 1. HP: 14/14 MP: 1/1
   218 | D:1      | Reached XP level 2. HP: 18/19 MP: 2/2
   567 | D:1      | Reached skill level 3 in Short Blades
   828 | D:1      | Found a faded altar of an unknown god.
   918 | D:2      | Reached XP level 3. HP: 23/24 MP: 3/3
  1113 | D:2      | Reached skill level 4 in Short Blades
  1184 | D:2      | Noticed Natasha
  1191 | D:2      | Killed Natasha
  1192 | D:2      | Reached XP level 4. HP: 29/29 MP: 4/4
  1224 | D:2      | Noticed Natasha
  1235 | D:2      | Killed Natasha
  1235 | D:2      | Noticed Natasha
  1241 | D:2      | Killed Natasha
  1242 | D:2      | Reached skill level 5 in Short Blades
  1242 | D:2      | Reached XP level 5. HP: 33/34 MP: 5/5
  1587 | D:2      | Found a runed translucent door.
  1588 | D:2      | Noticed Crazy Yiuf
  1707 | D:2      | Killed Crazy Yiuf
  2340 | D:3      | Found a bloodstained altar of Trog.
  2399 | D:3      | Noticed Ijyb
  2402 | D:3      | Killed Ijyb
  2403 | D:3      | Reached skill level 6 in Short Blades
  2437 | D:3      | Reached XP level 6. HP: 39/39 MP: 6/6
  2688 | D:4      | Found a staircase to the Ecumenical Temple.
  2706 | Temple   | Entered the Ecumenical Temple
  3010 | Temple   | Became a worshipper of Vehumet
  3431 | D:5      | Entered Level 5 of the Dungeon
  3456 | D:5      | Reached skill level 7 in Short Blades
  3460 | D:5      | Noticed Menkaure
  3465 | D:5      | Killed Menkaure
  3466 | D:5      | Reached XP level 7. HP: 35/45 MP: 7/7
  3631 | D:5      | Reached skill level 8 in Short Blades
  3740 | D:5      | Noticed Edmund
  3754 | D:5      | Killed Edmund
  4044 | D:5      | Noticed Grinder
  4051 | D:5      | Killed Grinder
  4052 | D:5      | Reached skill level 9 in Short Blades
  4052 | D:5      | Reached XP level 8. HP: 50/50 MP: 8/8
  4155 | D:5      | Noticed Sigmund
  4335 | D:5      | Killed Sigmund
  4336 | D:5      | Reached skill level 10 in Short Blades
  4375 | D:5      | Found an ancient bone altar of Kikubaaqudgha.
  4389 | D:5      | Found a shimmering blue altar of Sif Muna.
  4566 | D:6      | Reached * piety under Vehumet
  4566 | D:6      | Offered knowledge of Freeze by Vehumet.
  4574 | D:6      | HP: 2/50 [steam dragon/ball of steam (13)]
  4580 | D:6      | HP: 1/50 [steam dragon (4)]
  4582 | D:6      | Engulfed by a steam dragon's steam

Illustrated notes

Levels and vault maps discovered:
D:1:      psy_arrival_conway, layout_basic,
          hellmonk_ecumenical_altar_heavens_door
D:2:      layout_rooms, serial_bayou, serial_bayou_lagoon_a,
          serial_bayou_pond_b, serial_bayou_shore_a, serial_bayou_lake_a,
          guppyfry_early_lair_pool, uniq_natasha, uniq_crazy_yiuf_cottage
D:3:      layout_loops_ring, trog_butcher_becter, uniq_ijyb
D:4:      layout_loops_cross, minmay_temple_entry_statues_fountains
D:5:      layout_rooms, mainiacjoe_overflow_catwalk,
          mainiacjoe_overflow_alcove_2, uniq_edmund, uniq_menkaure,
          uniq_sigmund, uniq_grinder
D:6:      layout_basic
Temple:   nicolae_temple_two_arcs

Skill      XL: |  1  2  3  4  5  6  7  8 |
---------------+-------------------------+-----
Short Blades   | 3 4 5 6 7 9 10 | 10.6
Fighting       | |  2.0
Throwing       | |  2.0
Dodging        | |  1.0
Stealth        | |  5.3
Shields        | |  0.1

Action                   |  1- 3 |  4- 6 |  7- 9 || total
-------------------------+-------+-------+-------++-------
Melee: Dagger            |    15 |       |       ||    15
       Tentacles         |     7 |     9 |    13 ||    29
       Constrict         |    12 |    14 |    11 ||    37
       Short sword       |    38 |    67 |    67 ||   172
       Punch             |       |       |     1 ||     1
  Use: Scroll            |       |     7 |     1 ||     8
       Potion            |       |       |     2 ||     2
 Stab: Sleeping          |    12 |    14 |     5 ||    31
Armor: Skin              |     5 |     1 |       ||     6
Dodge: Dodged            |    19 |    22 |    29 ||    70
Block: Buckler           |       |     2 |    10 ||    12

Table legend: (Time is in decaauts)
 A = Elapsed time spent in this place.
 B = Non-inter-level travel time spent in this place.
 C = Inter-level travel time spent in this place.
 D = Time resting spent in this place.
 E = Time spent auto-exploring this place.
 F = Levels seen in this place.
 G = Mean time per level.
                   A        B        C        D        E       F      G
               +--------+--------+--------+--------+--------+-----+--------+
         Total |   4543 |   4388 |    155 |    584 |   3152 |   7 |  649.0 |
       Dungeon |   4229 |   4083 |    146 |    584 |   2888 |   6 |  704.8 |
        Temple |    314 |    305 |      9 |      0 |    264 |   1 |  314.0 |
               +--------+--------+--------+--------+--------+-----+--------+

Top non-repeatable levels by time:
     D:5: 918 daAuts
     D:1: 885 daAuts
     D:2: 844 daAuts
     D:4: 762 daAuts
     D:3: 757 daAuts
  Temple: 314 daAuts
     D:6: 59 daAuts
